[Event "Czech Championship U20 Open 2023"]
[Site "Jaromerice nad Rokytnou"]
[Date "2023.03.10"]
[Round "1.1"]
[White "Jares, Michal"]
[Black "Hlavina, Matous"]
[Result "1/2-1/2"]
[ECO "A05"]
[WhiteElo "2177"]
[BlackElo "2091"]
[Annotator "TA"]
[PlyCount "85"]
[EventDate "2023.03.10"]
[EventType "tourn"]
[EventCountry "CZE"]
[SourceTitle "playchess.com"]
[Source "ChessBase"]
[SourceQuality "1"]
[TimeControl "40/5400+30:1800+30"]

1. Nf3 Nf6 2. g3 d5 3. Bg2 c6 4. d4 Bg4 5. c4 e6 6. O-O Nbd7 7. Qb3 Qb6 {[%emt 0:00:06] D11: Slav Defence: 3 Nf3 sidelines and 3...Nf6 4 e3 Bg4.} 8. c5 Qa6 9. Nc3 Be7 10. h3 Bh5 11. g4 Bg6 12. Nh4 b6 13. cxb6 {[%emt 0:03:41] [#]} axb6 $146 ({Predecessor:} 13... Qxb6 14. g5 Nh5 15. Nxg6 hxg6 16. e4 O-O 17. Qd1 dxe4 18. Nxe4 Rad8 19. Qa4 Qc7 {0-1 Adly,A (2473)-Marcelin,C (2441) Corus-C Wijk aan Zee 2006 (11)}) 14. g5 {[%emt 0:04:27] Black must now prevent Nxg6.} Nh5 15. Nxg6 hxg6 16. e4 {[%emt 0:00:31][%cal Re4d5] Hoping for exd5.} O-O 17. Qc2 Rac8 18. Be3 Qa5 19. a3 dxe4 ({Black should play} 19... b5 $11) 20. Bxe4 $14 e5 (20... Bxg5 $2 21. b4 Qa7 22. Bxg5 $18) (20... Bd6 $14) 21. b4 (21. Rad1 $18) 21... Qa7 $1 22. dxe5 Nxe5 23. Na4 $1 c5 24. bxc5 bxc5 25. Nc3 (25. Rab1 $14 Qd7 26. Bg2 (26. Bxc5 $2 {is the wrong capture.} Nf4 $19)) 25... Nc6 26. Qa4 $1 {[%emt 0:03:54] Wards off Nd4} Qd7 27. Nd5 {[%emt 0:07:55] White is more active.} (27. Rfd1 $16 Qe8 28. Rab1) 27... Bd6 $11 28. Bg2 {[%emt 0:01:11] Nb6 would be deadly. A strong pair of Bishops.} Qf5 (28... Qd8 $11) 29. Qe4 $14 Qxe4 30. Bxe4 Rfe8 31. Nb6 Rc7 32. Bxc6 Rxc6 33. Nc4 Bf4 (33... Bc7 $11) 34. Kg2 (34. a4 $14) 34... Bc7 35. Kf3 f5 36. gxf6 gxf6 37. Rfd1 Kf7 {[%emt 0:00:35] [#]} (37... f5 $11 {remains equal.}) 38. Rd7+ (38. a4 $1 $16) 38... Re7 {[%emt 0:00:18] [#]} (38... Ke6 $1 $11 39. Rh7 (39. Rad1 Rh8 $11) 39... Be5) 39. Rxe7+ $1 $16 Kxe7 40. Re1 ({White should try} 40. a4 $16) 40... Kf7 {[%emt 0:00:36] The position is equal.} 41. Nd2 Ng7 42. Rc1 Ne6 43. Ne4 {[%emt 0:04:15] Weighted Error Value: White=0.20 (precise) /Black=0.27 (precise)} 1/2-1/2

[Event "Czech Championship U20 Open 2023"]
[Site "Jaromerice nad Rokytnou"]
[Date "2023.03.10"]
[Round "1.2"]
[White "Mach, Petr"]
[Black "Svanda, Ondrej"]
[Result "0-1"]
[ECO "A04"]
[WhiteElo "2167"]
[BlackElo "2366"]
[Annotator "TA"]
[PlyCount "48"]
[EventDate "2023.03.10"]
[EventType "tourn"]
[EventCountry "CZE"]
[SourceTitle "playchess.com"]
[Source "ChessBase"]
[SourceQuality "1"]
[TimeControl "40/5400+30:1800+30"]

1. Nf3 c5 2. g3 Nc6 3. d4 cxd4 4. Nxd4 g6 5. Bg2 Bg7 6. Nb3 d6 7. O-O {[%emt 0:00:21] 7.Nc3 gains popularity.} h5 {[%emt 0:00:01] A04: Unusual lines after 1 Nf3 and King's Indian Attack.} 8. h4 Be6 9. Nc3 Nf6 {[%emt 0:04:06] Black has an edge.} 10. Bg5 Qd7 11. Re1 {[%emt 0:02:04] [#]} O-O $146 ({Predecessor:} 11... Ng4 12. Rb1 O-O 13. Nd5 Rfe8 14. e4 Rac8 15. c3 Nce5 16. Nd4 Bxd5 17. exd5 Nc4 {1-0 Jeran,B (2205)-Blomqvist,E (2535) Titled Tuesday intern op 10th Nov blitz 2020 (6)}) 12. e4 Ng4 13. Qd2 Rfe8 14. Rad1 Nge5 15. Qf4 (15. Qe2 $1 $11 {keeps the balance.}) 15... Qc8 16. Bh6 Bh8 $1 17. Rb1 (17. Qc1 $142) 17... Ng4 {[%emt 0:03:39] ...Kh7 is the strong threat.} 18. Qd2 Nce5 19. Bg5 {[%emt 0:01:18] [#]} (19. Qc1 $142) 19... Nc4 $1 $17 {[%emt 0:02:11] Black is more active.} 20. Qe2 {[%emt 0:02:28] [#]} Nxb2 {[%emt 0:02:41][%mdl 576] Decoy} 21. Nd5 Bxd5 22. exd5 {[%emt 0:00:06] [#]} Na4 $1 {And now ...Nc3 would win.} 23. Be4 $2 (23. Bd2 {might work better.}) 23... Nc3 $19 24. Qd3 Ne5 {[%emt 0:01:31] Weighted Error Value: White=0.31/Black=0.08 (flawless)} 0-1

[Event "Czech Championship U20 Open 2023"]
[Site "Jaromerice nad Rokytnou"]
[Date "2023.03.10"]
[Round "1.3"]
[White "Ocelak, Jakub"]
[Black "Smolik, Jachym"]
[Result "1-0"]
[ECO "C02"]
[WhiteElo "2190"]
[BlackElo "2297"]
[Annotator "TA"]
[PlyCount "77"]
[EventDate "2023.03.10"]
[EventType "tourn"]
[EventCountry "CZE"]
[SourceTitle "playchess.com"]
[Source "ChessBase"]
[SourceQuality "1"]
[TimeControl "40/5400+30:1800+30"]

1. e4 e6 2. d4 d5 3. e5 c5 4. c3 Nc6 5. Nf3 Nge7 6. Na3 cxd4 7. cxd4 Nf5 8. Nc2 Bd7 9. Bd3 $1 {[%emt 0:06:18] The main line 9.Bd3 scores better than 9.Be2.} Nh4 {[%emt 0:05:53] C02: French: Advance Variation.} 10. O-O Nxf3+ 11. Qxf3 Qb6 {[%emt 0:04:02] White has an edge.} 12. Be3 Rc8 {[%emt 0:02:50] [#]} 13. Rfc1 $146 ({Predecessor:} 13. Qe2 h5 14. Rab1 Nb4 15. Nxb4 Bxb4 16. Rbc1 Rxc1 17. Rxc1 a6 18. Qc2 Be7 19. b3 {1-0 Aliavdin,N (2355)-Moskalets,S (2138) Dnipropetrovsk Sinitsin Memorial 2006 (11)}) 13... Na5 14. b3 Nc6 15. h4 a5 16. h5 h6 17. Qg4 Ne7 18. Ne1 Rxc1 19. Rxc1 (19. Bxc1 Bb5 $11) 19... Rg8 {[%emt 0:15:26] [#]} 20. Bh7 $1 {[%emt 0:03:11] White is much more active.} Rh8 21. Bd3 (21. Bb1 $16) 21... Nc6 (21... Rg8 $1 $11 {remains equal.}) 22. Kh2 Qb4 23. Nf3 Qa3 24. Rc2 $36 {[%emt 0:01:24][%mdl 2048] White is on the roll.} a4 25. Bc1 Qb4 26. Bd2 (26. bxa4 $16 {Threatens to win with Bb5.} Qxa4 27. Bd2) 26... Qa3 $11 27. Bc1 Qe7 (27... Qb4 $11) 28. bxa4 $18 f5 $2 (28... Nd8 29. a5 (29. Rc7 Qb4 $14) 29... Nc6) 29. exf6 Qxf6 30. Bf4 {[%emt 0:01:24] Prevents Bd6} Kd8 $2 (30... e5 31. Qg6+ (31. dxe5 Nxe5 32. Bg6+ Nxg6 $18) 31... Kd8 32. Qxf6+ {[%mdl 64] Remove Defender} (32. Bxe5 Qxg6 33. Bxg6 Nxe5 $18) 32... gxf6) 31. Be5 {[%emt 0:00:35] White is clearly winning.} Nxe5 32. dxe5 Qe7 33. Bb5 Qf7 34. Nd4 Be7 35. Bxd7 Kxd7 {[%emt 0:00:01] [#]} 36. Nxe6 $1 Qxe6 {[%emt 0:00:50] [#]} 37. Rc7+ $3 {[%emt 0:00:06][%mdl 576] Deflection} Kxc7 38. Qxe6 Bg5 39. Qxd5 {[%emt 0:00:40] Beautiful play by Ocelak!   Weighted Error Value: White=0.34/Black=0.43} 1-0

[Event "Czech Championship U20 Open 2023"]
[Site "Jaromerice nad Rokytnou"]
[Date "2023.03.10"]
[Round "1.4"]
[White "Hrbek, Stepan"]
[Black "Gnojek, Petr"]
[Result "1-0"]
[ECO "B40"]
[WhiteElo "2340"]
[BlackElo "2313"]
[Annotator "TA"]
[PlyCount "97"]
[EventDate "2023.03.10"]
[EventType "tourn"]
[EventCountry "CZE"]
[SourceTitle "playchess.com"]
[Source "ChessBase"]
[SourceQuality "1"]
[TimeControl "40/5400+30:1800+30"]

1. e4 c5 2. Nf3 e6 3. g3 Nc6 4. Bg2 Nf6 5. d3 d6 6. O-O Be7 7. b3 {[%emt 0:00:38] [#] B30: Sicilian: 2...Nc6 3 Bb5, lines without ...g6.} Nd7 $146 ({Predecessor:} 7... O-O 8. Bb2 e5 9. Nc3 a6 10. a4 Bg4 11. h3 Bxf3 12. Bxf3 Nd4 13. Bg2 b5 14. f4 b4 {1-0 Livaic,L (2569)-Mickiewicz,P (2284) Titled Tuesday intern op 21st Jun Late blitz 2022 (5)}) 8. Bb2 Bf6 9. c3 {[%emt 0:00:49] White is slightly better.} O-O 10. d4 Qc7 (10... d5 $11) 11. Nbd2 ({White should play} 11. Na3 $16) 11... g6 12. Nc4 Rd8 13. Ne3 Ne7 14. Qe2 Bg7 15. Rad1 {[%emt 0:00:11] White is more active.} Nf6 16. e5 dxe5 17. dxe5 Rxd1 ({Better is} 17... Nfd5) 18. Rxd1 $16 Nd7 (18... Nfd5 $16) 19. c4 $18 h5 {[%emt 0:04:50] [#]} 20. g4 $1 {[%emt 0:04:21][%cal Bg3g4,Bg4h5][%mdl 32] Strongly threatening gxh5.} Nc6 (20... h4 {was worth a try.} 21. g5 (21. Nxh4 Nxe5 22. Qd2 N5c6 $14) 21... Qa5) 21. gxh5 Ndxe5 22. Nxe5 Nxe5 (22... Nd4 {keeps fighting.} 23. Bxd4 cxd4) 23. f4 Nc6 24. Bxc6 (24. Bxg7 Kxg7 25. Bxc6 bxc6 $18) 24... bxc6 25. hxg6 fxg6 26. Bxg7 Kxg7 27. Qb2+ e5 28. Qxe5+ ({Don't do} 28. fxe5 Be6 29. Rd6 Qe7 $18) 28... Qxe5 29. fxe5 {[%emt 0:00:05][%mdl 4096] Endgame KRB-KRN} Bh3 30. Kf2 Re8 31. Rd6 Rxe5 32. Rxc6 Kh6 33. Ra6 Re7 34. Ra5 Rc7 35. Nd5 Rf7+ 36. Kg3 Bf5 37. Rxc5 Be4 38. Nf4 Rd7 39. Re5 Bb1 40. Re2 Rd1 41. Nd5 Bd3 42. Rf2 Be4 43. Nc3 Rd3+ 44. Kf4 Bf5 45. Nd5 {[%emt 0:01:31] White is clearly winning.} a5 (45... Rd4+ $142 46. Ke5 Re4+ 47. Kd6 Re8) 46. Ke5 Bg4 47. c5 Bd7 48. Kd6 Bf5 {[%emt 0:00:00] [#]} 49. Rxf5 $1 {[%emt 0:00:00] White took control after the opening.   Weighted Error Value: White=0.06 (flawless) /Black=0.29 (precise)} 1-0

[Event "Czech Championship U20 Open 2023"]
[Site "Jaromerice nad Rokytnou"]
[Date "2023.03.10"]
[Round "1.5"]
[White "Jun, Rudolf"]
[Black "Mica, Marek"]
[Result "1/2-1/2"]
[ECO "B52"]
[WhiteElo "2152"]
[BlackElo "2248"]
[Annotator "TA"]
[PlyCount "44"]
[EventDate "2023.03.10"]
[EventType "tourn"]
[EventCountry "CZE"]
[SourceTitle "playchess.com"]
[Source "ChessBase"]
[SourceQuality "1"]
[TimeControl "40/5400+30:1800+30"]

1. e4 c5 2. Nf3 d6 3. Bb5+ Bd7 4. Bxd7+ Qxd7 5. O-O Nc6 6. c3 d5 7. exd5 Qxd5 8. d4 e6 9. dxc5 {[%emt 0:02:42] Hoping for Qxd5. B52: Sicilian: Moscow Variation with 3...Bd7.} Qxd1 10. Rxd1 Bxc5 11. Bf4 {[%emt 0:05:41] [#]} f6 $146 ({Predecessor:} 11... Nf6 12. Nbd2 Nh5 13. Be5 Nxe5 14. Nxe5 Nf6 15. Ndc4 Rc8 16. Nd6+ Bxd6 17. Rxd6 {½-½ Mokshanov,A (2434)-Kokarev,D (2631) RUS-chT2 Sochi 2021 (7.3)}) 12. Nbd2 e5 13. Ne4 Bb6 14. Be3 Bxe3 $1 15. fxe3 b6 16. Nd6+ Ke7 $1 {[%emt 0:07:55] The position is equal.} 17. Nf5+ Kf7 $1 18. Nd6+ Ke7 19. Nf5+ Kf7 $1 20. Nd6+ Ke7 21. Nf5+ Kf7 $1 22. Nd6+ Ke7 {Not much happened in this game.   Weighted Error Value: White=0.04 (flawless) /Black=0.03 (flawless)} 1/2-1/2

[Event "Czech Championship U20 Open 2023"]
[Site "Jaromerice nad Rokytnou"]
[Date "2023.03.10"]
[Round "1.6"]
[White "Kubiczek, Michal"]
[Black "Frank, Adam"]
[Result "0-1"]
[ECO "A40"]
[WhiteElo "2087"]
[BlackElo "2391"]
[Annotator "TA"]
[PlyCount "120"]
[EventDate "2023.03.10"]
[EventType "tourn"]
[EventCountry "CZE"]
[SourceTitle "playchess.com"]
[Source "ChessBase"]
[SourceQuality "1"]
[TimeControl "40/5400+30:1800+30"]

1. d4 g6 2. c4 Bg7 3. g3 d6 4. Bg2 Nf6 5. Nc3 O-O 6. e3 c6 7. Nge2 e5 8. O-O Re8 9. h3 h5 {[%emt 0:00:45] E61: King's Indian: Early deviations for White, including Smyslov System.} 10. b4 {[%emt 0:08:26] [#]} (10. e4 $11) 10... Be6 $146 (10... Nbd7 $15) ({Predecessor:} 10... e4 11. b5 Bf5 12. bxc6 Nxc6 13. Rb1 b6 14. Qa4 Qd7 15. Kh2 Rac8 16. Rb5 Na5 17. c5 dxc5 18. dxc5 Rxc5 19. Rxc5 Qxa4 20. Nxa4 bxc5 21. Nxc5 {1-0 Pena Gomez,M (2408)-Barbero Sendic,A (2370) ESP-chT CECLUB Div1 GpA 2012 (1)}) 11. d5 $11 cxd5 {[%emt 0:00:04] White has an edge.} 12. cxd5 Bc8 13. e4 Nbd7 14. a4 a5 15. Nb5 Nb8 (15... Ra6 $142) 16. Qc2 Na6 {[%emt 0:00:39] Prevents Nc7} 17. bxa5 Bf8 18. Ba3 Bd7 19. Nxd6 Bxd6 20. Bxd6 {[%emt 0:00:08] Black must now prevent Qb2.} Bxh3 21. Bxh3 Qxd6 22. Rfc1 Re7 (22... Red8 $16) 23. Rab1 (23. Nc3 $18) 23... Rc7 $16 24. Nc3 Ne8 (24... Qc5 $16) 25. Rb6 Qa3 26. Qb2 $1 Qxb2 27. Rxb2 Nd6 {[%emt 0:00:22] [#]} 28. Rcc2 ({White should play} 28. f3 $1 $16) 28... Rc5 29. Nb5 {[%emt 0:02:20] Inhibits Nc7.} Nxe4 30. Rxc5 (30. Bg2 $16 Nf6 31. d6) 30... Nexc5 (30... Naxc5 $11 {remains equal.} 31. Rc2 Nb3) 31. Nd6 Rb8 {[%emt 0:07:18] [#]} 32. Rb6 (32. Bf1 $1 $18 ) 32... Nc7 33. Bc8 (33. Nc4 $16) 33... Ne8 $14 {[%emt 0:01:07][%mdl 64] Deflection} 34. Nxe8 Rxc8 {[%emt 0:00:03][%mdl 4096] Endgame KRN-KRN} 35. Nf6+ ({Better is} 35. Nd6 $14 Rc7 36. Kg2) 35... Kg7 $15 36. d6 $2 {[%emt 0:00:40] This move loses the game for White.} Nxa4 $1 $19 (36... Kxf6 $2 37. d7+ Rc6 38. d8=Q+ $18) 37. d7 $2 (37. Nxh5+ gxh5 38. Rxb7) 37... Nxb6 38. dxc8=Q Nxc8 {[%emt 0:00:04] KN-KN} 39. Nd7 f6 40. Nc5 $2 (40. Kg2) 40... b6 41. axb6 Nxb6 42. Kg2 f5 43. Nd3 Kf6 44. Kf1 Nd5 {[%emt 0:00:00] Hoping for ...f4.} 45. Kg2 f4 46. Nc5 Kf5 {[%emt 0:00:00] ...e4 is the strong threat.} 47. Kf3 g5 48. gxf4 e4+ {[%emt 0:00:00] Black mates.} 49. Kg2 gxf4 50. Nb3 Kg4 51. Nd2 f3+ 52. Kh2 Nf6 53. Kg1 Kf4 54. Nc4 Ng4 55. Nd6 h4 56. Nb5 h3 57. Nd4 Ke5 58. Nc2 Kd5 59. Nb4+ Kc4 60. Na6 Nxf2 {[%emt 0:00:00][%mdl 64] Promotion.   Weighted Error Value: White=0.54/Black=0.20 (precise)} 0-1

[Event "Czech Championship U20 Open 2023"]
[Site "Jaromerice nad Rokytnou"]
[Date "2023.03.11"]
[Round "2.1"]
[White "Hlavina, Matous"]
[Black "Frank, Adam"]
[Result "0-1"]
[ECO "B70"]
[WhiteElo "2091"]
[BlackElo "2391"]
[Annotator "TA"]
[PlyCount "138"]
[EventDate "2023.03.10"]
[EventType "tourn"]
[EventCountry "CZE"]
[SourceTitle "playchess.com"]
[Source "ChessBase"]
[SourceQuality "1"]
[TimeControl "40/5400+30:1800+30"]

1. e4 c5 2. Nf3 d6 3. d4 cxd4 4. Nxd4 Nf6 5. Nc3 g6 6. g3 Nc6 7. Bg2 Nxd4 8. Qxd4 Bg7 9. O-O O-O 10. Qd3 Be6 11. Nd5 Rc8 {[%emt 0:03:53] B70: Sicilian Dragon: 6 g3 and 6 Be2 (without a later Be3).} 12. c3 Re8 13. Be3 {[%emt 0:02:28] [#]} Nd7 $146 {[%emt 0:06:44] White is slightly better.} ({Predecessor:} 13... Qa5 14. a4 Bxd5 15. exd5 Ng4 16. Bf4 Ne5 17. Qe2 Qa6 18. Qc2 Qd3 19. Qb3 Rc7 {1-0 Fercec,N (2410)-Damjanovic,V Pula op 1990 (5)}) 14. f4 (14. Bxa7 $2 {is the wrong capture.} Bxd5 15. Qxd5 b6 $19) 14... Nc5 15. Qd2 b5 16. f5 Bxd5 17. Qxd5 (17. exd5 $16 Qd7 18. fxg6 hxg6 19. Rf4 (19. Qf2 e5 $14)) 17... Rf8 18. Bxc5 (18. Rf2 $16) 18... Rxc5 $15 19. Qb3 Qb6 $36 {[%emt 0:04:43][%mdl 2048] Black is pushing.} 20. Kh1 Bf6 21. Rad1 Rb8 22. Rd5 Kg7 23. a3 a5 24. g4 Rxd5 25. Qxd5 Qe3 (25... g5 {simplifies} 26. Qd2 h6 27. Ra1 Qc5) 26. Rf3 Qg5 27. fxg6 hxg6 (27... Qxg6 {seems wilder.} 28. Qf5 b4 29. cxb4 axb4 30. Rb3 Qh6) 28. Qxg5 Bxg5 {[%emt 0:00:05][%mdl 4096] Endgame KRB-KRB} 29. Bf1 e6 30. Kg2 Bf6 31. b3 g5 32. Kf2 Rc8 33. Bxb5 Bxc3 34. Bc4 Bb2 35. a4 Be5 36. h3 Rh8 37. Bf1 Kf8 38. Bb5 Ke7 39. Bc4 Rc8 40. Ke2 Rc7 41. Kd1 Rc5 42. Rd3 Bf4 43. Ke2 Kf6 44. Kf3 {[%emt 0:00:58] [#] White is on the road to losing.} ({Better is} 44. Rd1 $15) 44... Ke5 $1 $17 45. Rd1 d5 46. exd5 exd5 47. Bb5 Rc3+ 48. Rd3 Rc2 49. Be8 f6 50. Bg6 Rh2 51. Bf5 Rxh3+ 52. Ke2 Rh2+ 53. Kd1 {[%emt 0:00:00] [#]} (53. Kf3 $142) 53... d4 $1 $19 54. Rf3 Kd5 55. Rd3 $2 (55. Ke1) 55... Kc5 (55... Be3 $142 {Strongly threatening ...Rb2.} 56. Ke1 Rf2) 56. Be6 (56. Ke1 {is a better defense.}) 56... Be3 57. Bf5 Kb4 58. Be6 Ka3 59. Bf5 Kb4 60. Be6 $1 Kc5 61. Bf5 Kd6 62. Be4 (62. b4 {was forced.} axb4 63. Rb3) 62... Ke5 63. Bf5 Kf4 64. Bd7 Kf3 65. Bf5 Rf2 66. Bd7 (66. Ke1 $19 Rg2 67. Kd1) 66... Ke4 67. Bb5 Rb2 {[%emt 0:00:04] ( -> ...f5)} 68. Ke1 f5 69. gxf5 Kxf5 {[%emt 0:00:09] Weighted Error Value: White=0.23 (precise) /Black=0.31} 0-1

[Event "Czech Championship U20 Open 2023"]
[Site "Jaromerice nad Rokytnou"]
[Date "2023.03.11"]
[Round "2.2"]
[White "Mica, Marek"]
[Black "Kubiczek, Michal"]
[Result "1-0"]
[ECO "A58"]
[WhiteElo "2248"]
[BlackElo "2087"]
[Annotator "TA"]
[PlyCount "139"]
[EventDate "2023.03.10"]
[EventType "tourn"]
[EventCountry "CZE"]
[SourceTitle "playchess.com"]
[Source "ChessBase"]
[SourceQuality "1"]
[TimeControl "40/5400+30:1800+30"]

1. d4 Nf6 2. c4 c5 3. d5 b5 4. cxb5 a6 5. bxa6 g6 6. Nc3 {[%emt 0:00:07] A58: Benko/Volga Gambit: Lines with 5 bxa6.} Bg7 7. e4 O-O 8. a7 {[%emt 0:00:05] White is slightly better.} Rxa7 9. Nf3 e6 10. Be2 exd5 11. exd5 d6 12. O-O Na6 13. Nb5 {[%emt 0:00:15] Repels Nc7} Rd7 14. Bc4 Bb7 15. Qb3 Qa8 16. Rd1 Nb4 (16... Nc7 $14) 17. Bf4 $16 Rfd8 18. Nc3 Rb8 19. a3 Na6 20. Nb5 $36 {[%emt 0:04:16][%mdl 2048] White is in control. White has more active pieces. The black rooks are badly placed.} Ne8 {[%emt 0:07:34] [#]} (20... Rbd8 $142) 21. Rab1 $146 (21. Ng5 $142 {Hoping for Qh3.} Rbd8 22. Ne4 (22. Qh3 h6 $18)) ({Predecessor:} 21. Qc2 Nac7 22. Nxc7 Nxc7 23. Qd2 Ba6 24. Bxa6 Rxb2 25. Qd3 Qxa6 26. Qxa6 Nxa6 27. Rab1 {0-1 Ruhlmann,H (1816)-Mathieu,P (2240) FRA-chT Top 12 2021 (7.1)}) 21... Nac7 22. Nxc7 Rxc7 23. Qe3 Ba6 24. b3 Rcb7 {[%emt 0:00:29] ...Bxc4 would be deadly.} 25. Nd2 Bd4 26. Qd3 Rb6 27. Be3 Bxe3 28. fxe3 Nf6 {[%emt 0:02:11] [#]} 29. Bxa6 $1 Rxa6 30. Nc4 Nd7 31. e4 ({White should try} 31. b4 $16) 31... Qa7 32. Kh1 Ne5 ({Better is} 32... Re8) 33. Nxe5 dxe5 34. Qc3 f6 (34... Qe7 $16 35. a4 Rb4) 35. b4 $18 cxb4 36. axb4 {[%emt 0:00:10] Black must now prevent d6.} ({Resist} 36. Rxb4 $6 Ra8 $16) 36... Qd7 {[%emt 0:00:54] Inhibits d6.} 37. h3 Rab6 38. Rd2 Qd6 39. Rdb2 Rb5 40. Qc6 Qxc6 (40... R5b6 $16 {might work better.} 41. Qc4 Rb5) 41. dxc6 $16 {[%emt 0:31:06][%mdl 4096] Endgame Strongly threatening Rd1. KRR-KRR} Rc8 42. Rc2 Kf7 43. g4 Ke6 44. Rc4 Rc7 45. Kg2 Kd6 46. Rd1+ Ke6 $2 (46... Ke7) 47. Kf3 Rb6 48. Rdc1 f5 $2 (48... Ke7 {was worth a try.} 49. Kf2 Kd6) 49. gxf5+ $18 gxf5 50. exf5+ Kxf5 51. Ke3 Rb5 52. h4 Rb6 53. R1c2 Rb5 54. Rf2+ Ke6 55. Ke4 Rb6 56. Rfc2 Rb5 57. h5 Kf6 (57... Rb6 $142 58. Rc1 Rb8) 58. Rd2 Ke6 59. Rd8 Rb6 60. Re8+ Kd6 61. Rxe5 {[%emt 0:11:47] aiming for b5.} Rcxc6 62. Rxc6+ (62. Rec5 $142 Rc8 63. Rxc8 Rb7 64. R8c6+ Ke7 65. Rc7+ Rxc7 66. Rxc7+ Kd6 67. Rc1) 62... Kxc6 {[%emt 0:00:16] KR-KR} (62... Rxc6 $18 63. Rd5+ Ke6) 63. Re6+ {[%emt 0:00:09] White mates.} Kb5 64. Rxb6+ Kxb6 {[%emt 0:00:19] KPP-KP} 65. Kf5 Kb5 66. Kg5 Kxb4 {[%emt 0:01:07] [#]} 67. Kh6 $1 Kc5 68. Kxh7 Kd6 69. h6 Ke7 70. Kg7 {[%emt 0:00:05] Weighted Error Value: White=0.06 (flawless) /Black=0.20 (precise)} 1-0

[Event "Czech Championship U20 Open 2023"]
[Site "Jaromerice nad Rokytnou"]
[Date "2023.03.11"]
[Round "2.3"]
[White "Gnojek, Petr"]
[Black "Jun, Rudolf"]
[Result "1-0"]
[ECO "E20"]
[WhiteElo "2313"]
[BlackElo "2152"]
[Annotator "TA"]
[PlyCount "73"]
[EventDate "2023.03.10"]
[EventType "tourn"]
[EventCountry "CZE"]
[SourceTitle "playchess.com"]
[Source "ChessBase"]
[SourceQuality "1"]
[TimeControl "40/5400+30:1800+30"]

1. d4 Nf6 2. c4 e6 3. Nc3 Bb4 4. Bd2 O-O 5. Nf3 d5 6. e3 Nbd7 7. Rc1 c6 8. Bd3 Bd6 9. O-O {[%emt 0:10:38] The position is equal.} Re8 10. Qc2 h6 11. e4 dxe4 12. Nxe4 Nxe4 13. Bxe4 e5 $1 14. Bc3 exd4 $1 15. Bxd4 Ne5 {[%emt 0:07:35] [#] Hoping for ...Nxf3+.} (15... Nf6 $5 16. Bf5 Bxf5 17. Qxf5 Ne4 $11) 16. Rcd1 Nxf3+ 17. Bxf3 Qg5 {[%emt 0:08:56] Repels Bc5} 18. Qc3 Bc7 19. Rfe1 Bg4 20. Bxg4 Qxg4 21. h3 Qg5 22. Rxe8+ Rxe8 23. Bxa7 b6 {[%emt 0:04:05] And now ...Ra8 would win.} 24. c5 b5 (24... Qf4 $5 25. g3 Qa4 $11) 25. Bb6 $36 {[%emt 0:02:35][%mdl 2048] White has good play.} Be5 26. Qf3 Qg6 27. b3 {[%emt 0:00:44] aiming for a4.} (27. b4 {feels hotter.} Qc2 28. g3 Bc3 29. Rd7) 27... b4 (27... Qc2 $1 $14) 28. g3 $16 Bb2 {[%emt 0:05:33] Black cannot hold the game after this.} (28... Qc2 $16 {keeps fighting.}) 29. Kg2 $18 Re6 30. Ba5 Bc3 31. a3 Kh7 $2 (31... Be1 {is a better defense.}) 32. Bxb4 Bxb4 33. axb4 f5 $2 (33... Rf6 {was called for.} 34. Qd3 Re6) 34. h4 {[%emt 0:05:16][%cal Bh3h4,Bh4h5][%mdl 32] White is clearly winning.} f4 35. h5 Qe4 36. Qxe4+ Rxe4 {[%emt 0:00:06] [#]} 37. b5 $1 {[%emt 0:00:05] Weighted Error Value: White=0.05 (flawless) /Black=0.30} 1-0